 Dungeon Crawl Stone Soup version 0.26.1-11-gd32895ea62 (webtiles) character file.

Game seed: 1582311492990573689

1355 bigdumb the Poker (level 8, -2/62 HPs)
             Began as a Formicid Fighter on June 19, 2021.
             Was a Believer of the Shining One.
             Slain by Duvessa
             ... wielding a +0 short sword
              (9 damage)
             ... on level 6 of the Dungeon.
             The game lasted 00:10:18 (6452 turns).

bigdumb the Poker (Formicid Fighter)                Turns: 6452, Time: 00:10:19

Health: -2/62      AC: 11    Str: 22    XL:     8   Next: 95%
Magic:  8/8        EV:  8    Int: 11    God:    the Shining One [**....]
Gold:   286        SH: 10    Dex: 12    Spells: 7/7 levels left

rFire    + + .     SeeInvis +   a - +0 trident
rCold    x . .     Faith    +   c - +0 kite shield
rNeg     + . .     Spirit   .   k - +0 chain mail
rPois    .         Reflect  .   (helmet unavailable)
rElec    +         Harm     +   C - scarf {harm}
rCorr    +         Rampage  .   (no gloves)
Will     .....                  (no boots)
Stlth    ..........             i - amulet of faith
HPRegen  0.20/turn              y - ring of resist corrosion
MPRegen  0.11/turn              u - ring of fire

@: mighty, glowing
A: permanent stasis, dig shafts and tunnels, four strong arms, antennae 3, thin
metallic scales 1, agile 1, clever 1, fire resistance 1, electricity resistance
a: Dig, Shaft Self, Renounce Religion, Divine Shield


You were on level 6 of the Dungeon.
You worshipped the Shining One.
The Shining One was pleased with you.
You visited 2 branches of the dungeon, and saw 7 of its levels.

You collected 403 gold pieces.
You spent 117 gold pieces at shops.

Inventory:

Hand Weapons
 a - a +0 trident (weapon)
 s - a +4 quarterstaff of chaos
Armour
 c - a +0 kite shield (worn)
 k - a +0 chain mail (worn)
 t - a +0 cloak
 C - a scarf of harm (worn)
Jewellery
 i - an amulet of faith (around neck)
 u - a ring of fire (right hand)
 y - a ring of resist corrosion (left hand)
Wands
 p - a wand of iceblast (8)
Scrolls
 b - a scroll of amnesia {unknown}
 f - 2 scrolls of teleportation
 h - 2 scrolls of remove curse
 j - 2 scrolls of immolation
 l - 10 scrolls of identify
 m - 2 scrolls of fear
 q - a scroll of enchant armour {unknown}
 r - a scroll of noise {unknown}
 v - a scroll of silence {unknown}
Potions
 d - 2 potions of might
 g - 3 potions of cancellation {unknown}
 n - 6 potions of curing {unknown}
 o - a potion of flight
 w - 3 potions of brilliance
 z - a potion of invisibility


   Skills:
 + Level 5.1 Fighting
 + Level 6.6 Polearms
 + Level 5.4 Armour
 * Level 3.8 Dodging
 + Level 6.0 Shields


You had 7 spell levels left.
You didn't know any spells.
Your spell library was empty.

Dungeon Overview and Level Annotations

Branches:
Dungeon (6/15)             Temple (1/1) D:4

Altars:
Ashenzari
Cheibriados
Dithmenos
Elyvilon
Fedhas
Gozag
Hepliaklqana
Kikubaaqudgha
Makhleb
Nemelex Xobeh
Okawaru
Qazlal
Ru
Sif Muna
Uskayaw
Vehumet
Wu Jian
Xom
Zin
The Shining One

Shops:
D:5 [

Annotations:
D:6 Duvessa


Innate Abilities, Weirdness & Mutations

You cannot be hasted, slowed, berserked, paralysed or teleported.
You can dig through walls and to a lower floor.
Your four strong arms can wield two-handed weapons with a shield.
You have a pair of large antennae on your head. (SInv)
You are partially covered in thin metallic scales. (AC +2)
You are agile. (Dex +2)
Your mind is acute. (Int +2)
Your flesh is heat resistant. (rF+)
You are resistant to electric shocks. (rElec)


Message History

Duvessa hits you with a +0 short sword!
* * * LOW HITPOINT WARNING * * *
You puncture Duvessa!
Duvessa is severely wounded.
Duvessa hits you with a +0 short sword.
* * * LOW HITPOINT WARNING * * *
You block the orc's attack.
You feel much better. Duvessa closely misses you.
The orc hits you with a +0 mace.
* * * LOW HITPOINT WARNING * * *
Duvessa hits you with a +0 short sword.
* * * LOW HITPOINT WARNING * * *
You feel very mighty all of a sudden. Duvessa hits you with a +0 short sword!
* * * LOW HITPOINT WARNING * * *
The orc barely misses you.
You hit Duvessa but do no damage.
Duvessa is severely wounded.
Duvessa hits you with a +0 short sword!
You die...

. # .# .# .##...
..... { ###......
... ##.......# ...
#........# ...
##.# #.# ##o)##
#.# #.e@.# #.#
#.##..# ##'##
#.#.# ##...###
#.##.# ##.......
#.#.#.# ##........
#....#.##.....###.
#.......'.....#...
#....####.....#...
#......#
##........


You could see Duvessa (berserk, fast) and an orc.

Vanquished Creatures
  A shadow (D:6)
  A phantom (D:3)
  2 centaurs (D:6)
  2 bullfrogs (D:6)
  Dowan (D:6)
  3 wights (D:6)
  4 hounds
  An orc wizard (D:4)
  2 bullfrog skeletons
  Crazy Yiuf (D:2)
  Jessica (D:2)
  Terence (D:2)
  An iguana (D:4)
  2 worker ants
  A killer bee zombie (D:5)
  Robin (D:2)
  9 adders
  A shadow imp (D:6)
  An ufetubus (D:6)
  An ooze (D:3)
  2 adder skeletons
  3 worms
  3 dart slugs
  4 leopard geckos
  17 orcs
  2 ball pythons
  10 bats
  3 giant cockroaches
  16 goblins
  15 hobgoblins
  12 jackals
  2 kobolds
  5 quokkas
  11 frilled lizards
  A jackal zombie (D:5)
  A quokka zombie (D:6)
  11 rats
155 creatures vanquished.

Vanquished Creatures (others)
  4 plants (D:1)
4 creatures vanquished.

Grand Total: 159 creatures vanquished

Notes
Turn   | Place    | Note
-------+----------+-------------------------------------------
     0 | D:1      | bigdumb the Formicid Fighter began the quest for the Orb.
     0 | D:1      | Reached XP level 1. HP: 18/18 MP: 1/1
   118 | D:1      | Reached XP level 2. HP: 24/24 MP: 2/2
   402 | D:1      | Reached XP level 3. HP: 30/30 MP: 3/3
  1071 | D:2      | Noticed Terence
  1082 | D:2      | Killed Terence
  1083 | D:2      | Reached XP level 4. HP: 37/37 MP: 4/4
  1294 | D:2      | Reached skill level 1 in Dodging
  1304 | D:2      | Reached XP level 5. HP: 33/42 MP: 5/5
  1439 | D:2      | You fall into a shaft and drop 1 floor!
  1450 | D:2      | Noticed Robin
  1791 | D:2      | Killed Robin
  2049 | D:2      | Found a runed translucent door.
  2050 | D:2      | Noticed Crazy Yiuf
  2197 | D:2      | Killed Crazy Yiuf
  2461 | D:2      | Noticed Jessica
  2476 | D:2      | Killed Jessica
  2477 | D:2      | Reached XP level 6. HP: 42/48 MP: 6/6
  3079 | D:3      | Noticed a phantom
  3116 | D:3      | Killed a phantom
  3905 | D:4      | Reached skill level 5 in Shields
  3905 | D:4      | Reached XP level 7. HP: 51/54 MP: 7/7
  4038 | D:4      | Found a staircase to the Ecumenical Temple.
  4051 | Temple   | Entered the Ecumenical Temple
  4142 | Temple   | Became a worshipper of the Shining One
  5122 | D:5      | Entered Level 5 of the Dungeon
  5165 | D:5      | Reached skill level 5 in Polearms
  5297 | D:5      | Found Tychem's Armour Shoppe.
  5301 | D:5      | Bought a scarf of harm for 117 gold pieces
  5315 | D:5      | Gained mutation: Your mind is acute. (Int +2) [potion of
                  | mutation]
  5315 | D:5      | Gained mutation: Your magical capacity is low. (-10% MP)
                  | [potion of mutation]
  5315 | D:5      | Gained mutation: Your muscles are strong. (Str +2) [potion
                  | of mutation]
  5317 | D:5      | Lost mutation: Your magical capacity is low. (-10% MP)
                  | [potion of mutation]
  5317 | D:5      | Lost mutation: Your mind is acute. (Int +2) [potion of
                  | mutation]
  5317 | D:5      | Gained mutation: Your flesh is cold resistant. (rC+)
                  | [potion of mutation]
  5317 | D:5      | Lost mutation: Your muscles are strong. (Str +2) [potion of
                  | mutation]
  5317 | D:5      | Gained mutation: Your spells are a little easier to cast,
                  | but a little less powerful. [potion of mutation]
  5317 | D:5      | Gained mutation: You are partially covered in thin metallic
                  | scales. (AC +2) [potion of mutation]
  5318 | D:5      | Lost mutation: Your flesh is cold resistant. (rC+) [potion
                  | of mutation]
  5318 | D:5      | Lost mutation: Your spells are a little easier to cast, but
                  | a little less powerful. [potion of mutation]
  5318 | D:5      | Gained mutation: You are resistant to electric shocks.
                  | (rElec) [potion of mutation]
  5318 | D:5      | Gained mutation: You are agile. (Dex +2) [potion of
                  | mutation]
  5318 | D:5      | Gained mutation: Your flesh is heat resistant. (rF+)
                  | [potion of mutation]
  5318 | D:5      | Gained mutation: Your mind is acute. (Int +2) [potion of
                  | mutation]
  5535 | D:5      | Reached * piety under the Shining One
  5798 | D:6      | Reached skill level 5 in Armour
  5798 | D:6      | Reached XP level 8. HP: 52/61 MP: 8/8
  6180 | D:6      | Noticed a shadow
  6224 | D:6      | Killed a shadow
  6224 | D:6      | Reached ** piety under the Shining One
  6225 | D:6      | Reached skill level 5 in Fighting
  6419 | D:6      | Noticed Dowan
  6422 | D:6      | Noticed Duvessa
  6445 | D:6      | Killed Dowan
  6452 | D:6      | Slain by Duvessa

Illustrated notes

Levels and vault maps discovered:
D:1:      dpeg_arrival_fog, layout_basic, nrook_uturn, minmay_lizard_king
D:2:      minmay_diamond_boxcup, layout_basic, serial_rivers,
          chequers_serial_rivers_small_3, chequers_serial_rivers_room_a,
          chequers_serial_rivers_micro_d, chequers_serial_rivers_micro_e,
          chequers_serial_rivers_micro_d, chequers_serial_rivers_small_b,
          uniq_robin, uniq_crazy_yiuf_cottage, uniq_jessica, uniq_terence
D:3:      layout_basic, hangedman_abyss_or_decor_stabs
D:4:      layout_basic, minmay_temple_entry_waves, portal_sewer_entry_d
D:5:      layout_rooms, serial_shops, nicolae_shop_stone, minmay_liquid_box
D:6:      layout_loops_corners, minmay_chambers_of_fives, uniq_duvessa,
          uniq_blork_the_orc
Temple:   regret_index_temple_sigil_plot

Skill      XL: |  1  2  3  4  5  6  7  8 |
---------------+-------------------------+-----
Shields        | 4 5 6 |  6.0
Polearms       | 3 4 5 6 |  6.6
Dodging        | 1 2 3 |  3.8
Armour         | 4 5 |  5.4
Fighting       | 4 5 |  5.1

Action                   |  1- 3 |  4- 6 |  7- 9 || total
-------------------------+-------+-------+-------++-------
Melee: Trident           |    91 |   275 |   294 ||   660
 Abil: Dig               |       |     6 |       ||     6
  Use: Potion            |       |     1 |    10 ||    11
       Scroll            |       |       |     8 ||     8
Armor: Scale mail        |    27 |       |       ||    27
       Chain mail        |       |   125 |   119 ||   244
Dodge: Dodged            |    20 |    65 |    74 ||   159
Block: Kite shield       |    33 |   144 |   147 ||   324
